 Dungeon Crawl Stone Soup version 0.28-a0-909-g796cbd3a86 (webtiles) character file.

Game seed: 5210073520082223954

3188 Angani the Fighter (level 10, 82/82 HPs)
             Began as a Djinni Hedge Wizard on July 19, 2021.
             Quit the game in the Ecumenical Temple on Nov 24, 2021.
             The game lasted 00:30:05 (12037 turns).

Angani the Fighter (Djinni Hedge Wizard)           Turns: 12037, Time: 00:30:05

Health: 82/82      AC:  5    Str:  9    XL:     10   Next: 16%
Gold:   434        EV: 27    Int: 19    God:
                   SH:  0    Dex: 13

rFire   + + .      SeeInvis .   s - +0 whip (venom)
rCold   . . .      Faith    .   (no shield)
rNeg    . . .      Spirit   .   x - +1 robe {rC+}
rPois   ∞          Reflect  .   g - +0 helmet
rElec   .          Harm     .   (no cloak)
rCorr   .          Rampage  .   i - +0 pair of gloves
Will    +....                   (boots unavailable)
Stlth   ++........              h - amulet of the acrobat
HPRegen 0.23/turn               (no ring)
MPRegen 0.00/turn               (no ring)

@: acrobatic, flying
A: sickness immunity, fire resistance 2, cold vulnerability 1, float, innate
caster, hp casting, extra vitality 1
a: no special abilities


You were in the Ecumenical Temple.
You visited 2 branches of the dungeon, and saw 9 of its levels.

You collected 434 gold pieces.

Inventory:

Hand Weapons
 m - a +0 war axe of electrocution
 s - a +0 whip of venom (weapon)
 w - a +2 whip of electrocution
Missiles
 c - 90 stones
 r - 4 throwing nets
Armour
 g - a +0 helmet (worn)
 i - a +0 pair of gloves (worn)
 x - a +1 robe of cold resistance (worn)
Magical Staves
 p - a staff of poison
 v - a staff of conjuration
Jewellery
 h - an amulet of the acrobat (around neck)
Wands
 q - a wand of mindburst (16)
 u - a wand of digging (6)
Scrolls
 d - 2 scrolls of fear
 n - a scroll of enchant weapon
 t - 2 scrolls of enchant armour {unknown}
 y - a scroll of torment {unknown}
Potions
 a - 4 potions of mutation {unknown}
 b - a potion of flight {unknown}
 e - a potion of ambrosia {unknown}
 f - 3 potions of resistance
 j - 2 potions of invisibility
 k - 2 potions of heal wounds {unknown}
 l - a potion of curing {unknown}
 o - a potion of haste
 z - a potion of magic {unknown}


   Skills:
 * Level 11.1 Fighting
 - Level 2.1 Dodging
 - Level 1.5 Stealth
 + Level 6.4 Spellcasting


You had one spell level left.
You knew the following spells:

 Your Spells              Type           Power      Damage    Failure   Level
a - Magic Dart            Conj           100%       1d8       1%          1
b - Blink                 Tloc           60%        N/A       1%          2
c - Call Imp              Summ           30%        N/A       1%          2
d - Slow                  Hex            100%       N/A       1%          1
e - Conjure Flame         Conj/Fire      30%        6-21      2%          3
f - Mephitic Cloud        Conj/Pois/Air  30%        N/A       2%          3
g - Sandblast             Erth           60%        2d14      1%          1
h - Corpse Rot            Necr/Air       60%        N/A       1%          2
i - Passwall              Tmut/Erth      25%        N/A       1%          2
j - Teleport Other        Tloc           30%        N/A       2%          3
Your spell library was empty.

Dungeon Overview and Level Annotations

Branches:
Dungeon (8/15)             Temple (1/1) D:4
   Lair: D:8-11

Altars:
Cheibriados
Elyvilon
Fedhas
Gozag
Hepliaklqana
Kikubaaqudgha
Makhleb
Nemelex Xobeh
Okawaru
Ru
Sif Muna
Trog
Vehumet
Xom
Yredelemnul
Zin
The Shining One

Shops:
D:5 =


Innate Abilities, Weirdness & Mutations

You are immune to sickness and miasma.
You are immune to poison.
Your flesh is very heat resistant. (rF++)
You are vulnerable to cold. (rC-)
You float through the air rather than walking.
You learn spells naturally, not from books.
Your magical power is your life essence.
You have superior vitality. (+4 HP)


Message History

Found three altars.
There is an open gate here.
There is an ancient bone altar of Kikubaaqudgha here.
Found an iron altar of Okawaru.
Found a blossoming altar of Fedhas and a snail-covered altar of Cheibriados.
Found a shimmering blue altar of Sif Muna.
Found a white marble altar of Elyvilon.
Found a shimmering altar of Xom and a glowing golden altar of the Shining One.
Done exploring.
Done exploring.
Saving game... please wait.
Welcome back, Angani the Djinni Hedge Wizard.
Press ? for a list of commands and other information.
(D) Dungeon (T) Temple
Where to? (? - help)
Okay, then.
Describe a (M)onster, (S)pell, s(K)ill, (A)bility, (C)ard, (I)tem, (F)eature, (G)od, (B)ranch, c(L)oud or s(T)atus?
Describe a status; partial names and regexps are fine.
Describe what? slow Describe a (M)onster, (S)pell, s(K)ill, (A)bility, (C)ard, (I)tem, (F)eature, (G)od, (B)ranch, c(L)oud or s(T)atus?
Okay, then.
Press: ? - help, v - describe, . - travel The floor.
Press: ? - help, v - describe, . - travel The floor.
Saving game... please wait.
Welcome back, Angani the Djinni Hedge Wizard.
Press ? for a list of commands and other information.
Saving game... please wait.
Welcome back, Angani the Djinni Hedge Wizard.
Press ? for a list of commands and other information.
Saving game... please wait.
Welcome back, Angani the Djinni Hedge Wizard.
Press ? for a list of commands and other information.
Saving game... please wait.
Welcome back, Angani the Djinni Hedge Wizard.
Press ? for a list of commands and other information.
Saving game... please wait.
Welcome back, Angani the Djinni Hedge Wizard.
Press ? for a list of commands and other information.
Are you sure you want to abandon this character and quit the game? (Confirm with "yes".)

♣♣♣♣♣♣♣♣♣♣♣♣♣♣♣♣♣♣♣♣♣♣♣♣♣♣
♣.P..♣......P...P.........
♣.........P...............
♣..._.P.P.............._..
♣.♣........._...._........
♣..P...P.@.....P..........
♣............PP...........
♣PP.....................♣.
♣....._....⌠....⌠...._....
♣..P......................
♣P....P♣.P................
♣...P.....................
♣.♣......._...._..........
♣..._..♣...........♣..._.P


There were no monsters in sight!

Vanquished Creatures
  Pikel (D:7)
  A water moccasin (D:7)
  A black bear (D:5)
  A sky beast (D:7)
  An orc warrior (D:8)
  2 necrophages (D:4)
  2 ogres
  2 centaurs
  2 kobold brigands
  A scorpion (D:4)
  2 bullfrogs
  A wyvern skeleton (D:7)
  4 killer bees (D:8)
  4 wights (D:8)
  A vampire bat (D:3)
  A howler monkey (D:6)
  A centaur zombie (D:8)
  2 bullfrog zombies
  4 hounds
  A jelly (D:6)
  3 gnoll shamans
  2 orc priests
  A bullfrog skeleton (D:6)
  2 centaur skeletons (D:4)
  An iguana (D:4)
  2 orc wizards
  A hound zombie (D:4)
  2 howler monkey zombies (D:4)
  Robin (D:4)
  16 gnolls
  7 adders
  4 worms
  4 dart slugs
  3 fire bats (D:3)
  17 orcs
  2 spectral bats (D:3)
  A bat simulacrum (D:3)
  3 bat skeletons (D:3)
  A bat zombie (D:3)
  5 endoplasms
  4 giant cockroaches
  14 goblins
  9 hobgoblins
  16 kobolds
  3 quokkas
  5 ball pythons
  14 bats
  3 frilled lizards
  7 rats
188 creatures vanquished.

Vanquished Creatures (collateral kills)
  An orc warrior (D:8)
  A sky beast (D:7)
  A gnoll (D:1)
  A quokka (D:1)
4 creatures vanquished.

Vanquished Creatures (others)
  A gnoll sergeant (D:6)
  A kobold (D:7)
2 creatures vanquished.

Grand Total: 194 creatures vanquished

Notes
Turn   | Place    | Note
-------+----------+-------------------------------------------
     0 | D:1      | Angani the Djinni Hedge Wizard began the quest for the Orb.
     0 | D:1      | Reached XP level 1. HP: 15/15 MP: 0/0
   353 | D:1      | Reached skill level 1 in Fighting
   354 | D:1      | Reached XP level 2. HP: 13/22 MP: 0/0
  1054 | D:1      | Reached XP level 3. HP: 23/28 MP: 0/0
  1054 | D:1      | Learned a level 1 spell: Sandblast
  1228 | D:1      | Reached skill level 2 in Fighting
  1250 | D:1      | Found a faded altar of an unknown god.
  2281 | D:2      | Reached XP level 4. HP: 31/34 MP: 0/0
  2996 | D:3      | Reached skill level 3 in Fighting
  3268 | D:3      | Reached XP level 5. HP: 37/40 MP: 0/0
  3268 | D:3      | Learned a level 2 spell: Corpse Rot
  3481 | D:3      | Reached skill level 4 in Fighting
  3614 | D:3      | Reached XP level 6. HP: 23/48 MP: 0/0
  3897 | D:3      | Found a glowing silver altar of Zin.
  4009 | D:3      | Found a burning altar of Makhleb.
  4251 | D:3      | Found a bloodstained altar of Trog.
  4899 | D:4      | Found a basalt altar of Yredelemnul.
  5121 | D:4      | Noticed a necrophage
  5397 | D:4      | Noticed a necrophage
  5406 | D:4      | Killed a necrophage
  5407 | D:4      | Reached skill level 5 in Fighting
  5407 | D:4      | Reached XP level 7. HP: 44/54 MP: 0/0
  5407 | D:4      | Learned a level 2 spell: Passwall
  5738 | D:4      | Noticed Robin
  5742 | D:4      | Killed Robin
  5854 | D:4      | Reached skill level 6 in Fighting
  6113 | D:4      | Found a staircase to the Ecumenical Temple.
  6401 | D:4      | Reached XP level 8. HP: 41/62 MP: 0/0
  6525 | D:5      | Entered Level 5 of the Dungeon
  6665 | D:5      | Found Mosiv's Jewellery Boutique.
  6703 | D:5      | Found an opulent altar of Gozag.
  6827 | D:5      | You are sucked into a shaft and drop 1 floor!
  6900 | D:6      | Reached skill level 7 in Fighting
  7868 | D:6      | Reached skill level 8 in Fighting
  8005 | D:5      | Reached skill level 5 in Spellcasting
  8401 | D:5      | Reached XP level 9. HP: 67/71 MP: 0/0
  8401 | D:5      | Learned a level 3 spell: Teleport Other
  8737 | D:6      | Found a hazy altar of Hepliaklqana.
  9392 | D:7      | Reached skill level 9 in Fighting
  9400 | D:7      | Noticed Pikel
  9431 | D:7      | Found a sacrificial altar of Ru.
  9610 | D:7      | Killed Pikel
 10262 | D:7      | Reached skill level 10 in Fighting
 10905 | D:8      | Reached XP level 10. HP: 51/81 MP: 0/0
 11587 | D:8      | Reached skill level 11 in Fighting
 11973 | Temple   | Entered the Ecumenical Temple
 12028 | Temple   | Upgraded the game from 0.27-a0-1591-gc56fcc985a to
                  | 0.27-a0-1595-g0b823d0a13
 12037 | Temple   | Upgraded the game from 0.27-a0-1595-g0b823d0a13 to
                  | 0.27-a0-1597-ge58577e147
 12037 | Temple   | Upgraded the game from 0.27-a0-1597-ge58577e147 to
                  | 0.28-a0-909-g796cbd3a86
 12037 | Temple   | Quit the game

Illustrated notes

Levels and vault maps discovered:
D:1:      scummos_arrival_star, layout_basic, chequers_ecumenical_altar_simple
D:2:      layout_basic, minmay_misc_feat_secret_circle
D:3:      layout_basic, lemuel_crystal_altar, mainiacjoe_overflow_tiny_flanked,
          mainiacjoe_overflow_six_doors_small, goddamned_bats
D:4:      layout_basic, nicolae_yredelemnul_corpse_copse,
          minmay_temple_entry_poolview, palyth_stone_intersect,
          minmay_misc_feat_doors, uniq_robin
D:5:      layout_loops_ring, mainiacjoe_overflow_alcove_1, serial_shops,
          nicolae_shop_behind_doors
D:6:      layout_loops_corners, nicolae_hepliaklqana_hippocampus
D:7:      layout_rooms, nicolae_ru_great_annihilating_truth,
          kennysheep_minor_cross, uniq_pikel
D:8:      layout_basic
Temple:   cyrus_temple_forest

Skill      XL: |  1  2  3  4  5  6  7  8  9 10 |
---------------+-------------------------------+-----
Fighting       | 1 2 3 4 5 6 8 10 11 | 11.1
Spellcasting   | 3 4 5 6 |  6.4
Dodging        | |  2.1
Stealth        | |  1.5

Action                   |  1- 3 |  4- 6 |  7- 9 | 10-12 || total
-------------------------+-------+-------+-------+-------++-------
Melee: Dagger            |     1 |       |     9 |       ||    10
       Whip              |       |       |    87 |     5 ||    92
 Cast: Magic Dart        |    78 |   152 |   112 |    10 ||   352
       Call Imp          |     4 |       |     3 |     2 ||     9
       Sandblast         |       |    24 |   128 |    26 ||   178
       Corpse Rot        |       |     3 |     1 |       ||     4
       Conjure Flame     |       |     6 |     2 |     2 ||    10
       Slow              |       |     6 |     5 |     4 ||    15
       Mephitic Cloud    |       |       |    10 |     3 ||    13
       Teleport Other    |       |       |     7 |       ||     7
  Use: Scroll            |       |     3 |     2 |       ||     5
 Stab: Sleeping          |       |       |     1 |       ||     1
       Confused          |       |       |     1 |     1 ||     2
Armor: Robe              |     1 |    36 |    55 |     1 ||    93
Dodge: Dodged            |     9 |    94 |   133 |    10 ||   246

Table legend: (Time is in decaauts)
 A = Elapsed time spent in this place.
 B = Non-inter-level travel time spent in this place.
 C = Inter-level travel time spent in this place.
 D = Time resting spent in this place.
 E = Time spent auto-exploring this place.
 F = Levels seen in this place.
 G = Mean time per level.
                   A        B        C        D        E       F      G
               +--------+--------+--------+--------+--------+-----+--------+
         Total |  12053 |  11579 |    474 |   5497 |   4031 |   9 | 1339.2 |
       Dungeon |  11989 |  11519 |    470 |   5497 |   3977 |   8 | 1498.6 |
        Temple |     63 |     59 |      4 |      0 |     54 |   1 |   63.0 |
               +--------+--------+--------+--------+--------+-----+--------+

Top non-repeatable levels by time:
     D:3: 2251 daAuts
     D:6: 2042 daAuts
     D:4: 1578 daAuts
     D:7: 1538 daAuts
     D:1: 1408 daAuts
     D:2: 1397 daAuts
     D:5: 893 daAuts
     D:8: 878 daAuts
  Temple: 63 daAuts
